 Dungeon Crawl Stone Soup version 0.22-a0-469-gf26638a (webtiles) character file.

51 Mamutox the Sneak (level 3, 0/16 HPs)
             Began as a Spriggan Enchanter on June 12, 2018.
             Slain by a worm (10 damage)
             ... on level 2 of the Dungeon.
             The game lasted 00:07:44 (1758 turns).

Mamutox the Sneak (Spriggan Enchanter)              Turns: 1758, Time: 00:07:45

Health: 0/16       AC:  2    Str:  4    XL:     3   Next: 58%
Magic:  0/8        EV: 19    Int: 16    God:
Gold:   83         SH:  0    Dex: 17    Spells: 5/8 levels left

rFire    . . .     SeeInvis +   g - +0 dagger (elec)
rCold    . . .     Gourm    .   (shield restricted)
rNeg     . . .     Faith    .   b - +0 robe
rPois    .         Spirit   .   (helmet restricted)
rElec    .         Reflect  .   (no cloak)
rCorr    .         Harm     .   (gloves unavailable)
MR       .....                  (boots unavailable)
Stlth    +++.......             (no amulet)
HPRegen  0.05/turn              (no ring)
MPRegen  0.11/turn              (no ring)

@: very slightly contaminated, very quick
A: very small, unfitting armour, see invisible, herbivore, speed 3, slow
metabolism 2
a: no special abilities


You were on level 2 of the Dungeon.
You were not hungry.

You visited 1 branch of the dungeon, and saw 2 of its levels.

You collected 83 gold pieces.

Inventory:

Hand Weapons
 a - a +1 dagger
 g - a +0 dagger of electrocution (weapon)
Armour
 b - a +0 robe (worn)
Scrolls
 c - 3 scrolls of teleportation {unknown}
 e - a scroll of identify {unknown}
 j - a scroll of enchant weapon {unknown}
 k - a scroll of enchant armour {unknown}
Potions
 f - a potion of cancellation {unknown}
 h - a potion of might {unknown}
 i - a potion of heal wounds {unknown}
Comestibles
 d - 2 rations


   Skills:
 + Level 1.4 Short Blades
 + Level 3.4 Dodging
 + Level 5.4 Stealth
 + Level 3.1 Spellcasting
 + Level 4.3 Hexes


You had 5 spell levels left.
You knew the following spells:

 Your Spells              Type           Power        Failure   Level  Hunger
a - Corona                Hex            ###....      3%          1    None
x - Ensorcelled Hibernat  Hex/Ice        #.....       11%         2    ##.....

Your spell library contained the following spells:

 Spells                   Type           Power        Failure   Level  Hunger
 Confuse                  Hex            ###.....     10%         3    ###....
 Tukima's Dance           Hex            ###.....     10%         3    ###....
 Dazzling Spray           Conj/Hex       #.....       22%         3    ###....


Dungeon Overview and Level Annotations

Branches:
Dungeon (2/15)

Altars:
Makhleb

Annotations:
D:2 Sigmund


Innate Abilities, Weirdness & Mutations

You are very small and have problems with some larger weapons.
You are too small for most types of armour.
You have supernaturally acute eyesight. (SInv)
You are a herbivore.
You cover ground extremely quickly.
You need to consume almost no food.


Message History

The kobold moves out of view.
A goblin and 2 gnolls come into view.
The kobold throws a stone.
The stone completely misses you.
Found a ration.
The gnoll shouts!
You hear a shout!
A gnoll comes into view. It is wielding a spear.
The kobold throws a stone.
The stone closely misses you.
Your magical contamination has completely faded away.
You see here a scroll labeled CUSIBL REACUBA.
Casting: Ensorcelled Hibernation (safe; 11% risk of failure)
Confirm with . or Enter, or press ? or * to list all spells.
Aiming: Ensorcelled Hibernation (safe; 11% risk of failure)
Press: ? - help, Shift-Dir - straight line, f - worm
Aim: a worm (chance to defeat MR: 50%)
You miscast Ensorcelled Hibernation.
You are very lightly contaminated with residual magic.
A chill runs through your body. The worm bites you!
Ouch! That really hurt!
You die...

######...........
#......)...w.....
#.####.S...##..
#.####.........
#....).........
###.######.######
#...# ... ###.#
....# #@w# ...≈#
#..# K.≈≈# #..#
..≈≈# ######S.#
K.≈≈# #....?..#
#......†#
#.......#
#.......#
#.....K.#


You could see a worm and an adder.

Vanquished Creatures
  A worm (D:2)
  4 bats (D:1)
  2 giant cockroaches
  4 goblins (D:1)
  4 hobgoblins
  6 jackals
  14 kobolds
  A quokka (D:2)
  3 frilled lizards (D:1)
  2 rats (D:1)
41 creatures vanquished.

Notes
Turn   | Place    | Note
-------+----------+-------------------------------------------
     0 | D:1      | Mamutox the Spriggan Enchanter began the quest for the Orb.
     0 | D:1      | Reached XP level 1. HP: 9/9 MP: 5/5
   109 | D:1      | Reached XP level 2. HP: 13/13 MP: 6/6
   377 | D:1      | Reached skill level 5 in Stealth
   889 | D:1      | Learned a level 2 spell: Ensorcelled Hibernation
  1154 | D:2      | Reached XP level 3. HP: 16/16 MP: 8/8
  1182 | D:2      | Found a burning altar of Makhleb.
  1737 | D:2      | Noticed Sigmund
  1758 | D:2      | Slain by a worm

Vault maps used:
D:1:      matt_arrival_grand_opening
D:2:      minmay_kobold_bridge, old_standard_altar,
          chequers_ecumenical_altar_grove, first_ration, uniq_sigmund,
          uniq_robin

Skill      XL: |  1  2  3 |
---------------+----------+-----
Hexes          | 4 |  4.3
Stealth        | 5 |  5.4
Spellcasting   | 3 |  3.1
Short Blades   | |  1.4
Dodging        | |  3.4

Action                   || total
-------------------------++-------
Melee: Dagger            ||   117
 Cast: Ensorcelled Hiber ||    16
       Corona            ||     1
 Stab: Sleeping          ||    14
Armor: Robe              ||    15
Dodge: Dodged            ||    95

Table legend:
 A = Spawn XP
 B = Non-spawn XP
 C = Spawn XP percentage of total XP
 D = Spawn monster count
 E = Non-spawn monster count
 F = Spawn count percentage of total count
 G = Total turns spent on level
                    A         B        C        D         E        F      G
               +---------+---------+-------+---------+---------+-------+---------
         Total |       0 |      74 |   0.0 |       0 |      41 |   0.0 |  1758
               +---------+---------+-------+---------+---------+-------+---------
           D:1 |       0 |      44 |   0.0 |       0 |      26 |   0.0 |  1377
           D:2 |       0 |      30 |   0.0 |       0 |      15 |   0.0 |   381
               +---------+---------+-------+---------+---------+-------+---------
